 Dungeon Crawl Stone Soup version 0.20.1-1-g8b1a95d (webtiles) character file.

108 Azo the Skirmisher (level 5, 0/42 HPs)
             Began as a Formicid Abyssal Knight on Sept 28, 2017.
             Was a Believer of Lugonu.
             Slain by a ball python (1 damage)
             ... on level 4 of the Dungeon.
             The game lasted 00:08:01 (2372 turns).

Azo the Skirmisher (Formicid Abyssal Knight)        Turns: 2372, Time: 00:08:01

Health: 0/42       AC:  3    Str: 22    XL:     5   Next: 12%
Magic:  6/7        EV:  8    Int: 11    God:    Lugonu [**....]
Gold:   232        SH:  0    Dex: 11    Spells: 4/4 levels left

rFire    . . .     SeeInvis +   s - +2 trident (flame)
rCold    . . .     Gourm    .   (no shield)
rNeg     . . .     Faith    .   b - +0 leather armour
rPois    .         Spirit   .   (helmet unavailable)
rElec    .         Reflect  .   (no cloak)
rCorr    .         Harm     .   (no gloves)
MR       .....                  (no boots)
Stlth    +.........             (no amulet)
Regen    0.2/turn               (no ring)
MPRegen  0.1/turn               (no ring)

@: mighty, constricted
A: permanent stasis, dig shafts and tunnels, four strong arms, antennae 3
a: Dig, Shaft Self, Depart the Abyss, Bend Space, Renounce Religion


You were on level 4 of the Dungeon.
You worshipped Lugonu.
Lugonu was pleased with you.
You were not hungry.

You visited 1 branch of the dungeon, and saw 4 of its levels.
You visited the Abyss 1 time.

You collected 232 gold pieces.

Inventory:

Hand Weapons
 a - a +2 mace
 s - a +2 trident of flaming (weapon)
Armour
 b - a +0 leather armour (worn)
Wands
 e - a wand of scattershot (1/9)
Scrolls
 d - 3 scrolls of remove curse
 h - 7 scrolls of identify
Potions
 g - a potion of mutation
 i - a potion of flight {unknown}
 j - a potion of brilliance {unknown}
 l - a potion of might
 m - a potion of ambrosia {unknown}
 o - 2 potions of lignification {unknown}
 p - a potion of haste {unknown}
Comestibles
 c - 4 bread rations
 q - a royal jelly
 r - 4 fruits


   Skills:
 + Level 4.0 Fighting
 - Level 2.1 Maces & Flails
 * Level 3.7 Armour
 - Level 1.5 Dodging
 + Level 3.3 Invocations


You had 4 spell levels left.
You didn't know any spells.

Dungeon Overview and Level Annotations

Branches:
Dungeon (4/15)
 Temple: D:4-7

Altars:
Fedhas
Qazlal
Ru
The Shining One

Shops:
D:4 *


Innate Abilities, Weirdness & Mutations

You cannot be hasted, slowed, berserked, paralysed or teleported.
You can dig through walls and to a lower floor.
Your four strong arms can wield two-handed weapons with a shield.
You have a pair of large antennae on your head. (SInv)


Message History

* * * LOW HITPOINT WARNING * * *
The ball python constricts you. The ball python bites you.
* * * LOW HITPOINT WARNING * * *
You closely miss the ball python.
The ball python bites you but does no damage.
The ball python constricts you.
The ball python bites you but does no damage.
The ball python bites you.
* * * LOW HITPOINT WARNING * * *
The ball python constricts you.
You closely miss the ball python. The ball python bites you.
* * * LOW HITPOINT WARNING * * *
The ball python barely misses you.
* * * LOW HITPOINT WARNING * * *
The ball python constricts you. The ball python bites you.
* * * LOW HITPOINT WARNING * * *
It was a potion of might.
You feel very mighty all of a sudden.
The ball python bites you but does no damage.
You die...

##+##.#
#@..#.#
#SS.#.#
#g..#.##
##a##gg
#.#g#{
#.O{#
###{#
#.# #{#


You could see an ogre, a worker ant, a gnoll and 2 ball pythons.

Vanquished Creatures
  Ijyb (D:3)
  3 adders
  2 dart slugs (D:1)
  4 leopard geckos
  An orc (D:3)
  6 bats
  A giant cockroach (D:4)
  5 goblins
  7 hobgoblins
  A ball python (D:3)
  7 frilled lizards
  5 kobolds
  7 rats
50 creatures vanquished.

Notes
Turn   | Place    | Note
-------+----------+-------------------------------------------
     0 | Abyss:1  | Azo the Formicid Abyssal Knight began the quest for the Orb.
     0 | Abyss:1  | Reached XP level 1. HP: 18/18 MP: 2/2
    67 | Abyss:1  | Noticed a chaos spawn
    99 | Abyss:2  | Noticed a large abomination
   164 | Abyss:3  | Noticed a raiju
   167 | Abyss:3  | Noticed a lich
   172 | D:1      | Escaped the Abyss
   324 | D:1      | Reached skill level 1 in Dodging
   412 | D:1      | Reached XP level 2. HP: 13/24 MP: 3/3
   591 | D:1      | Reached * piety under Lugonu
   710 | D:1      | Reached XP level 3. HP: 19/29 MP: 4/4
  1356 | D:2      | Found a glowing golden altar of the Shining One.
  1481 | D:2      | Reached XP level 4. HP: 28/37 MP: 6/6
  1783 | D:3      | Found a blossoming altar of Fedhas.
  1834 | D:3      | Noticed Ijyb
  1842 | D:3      | Killed Ijyb
  1869 | D:3      | Reached ** piety under Lugonu
  1968 | D:3      | Found a stormy altar of Qazlal.
  2236 | D:3      | Found a sacrificial altar of Ru.
  2243 | D:3      | Reached XP level 5. HP: 37/42 MP: 7/7
  2301 | D:3      | Reached skill level 4 in Fighting
  2355 | D:4      | Noticed an ogre
  2359 | D:4      | Noticed a slave
  2360 | D:4      | Noticed a slave
  2360 | D:4      | Noticed a slave
  2367 | D:4      | Found Riurec's Serpentskin Sales.
  2371 | D:4      | HP: 2/42 [ball python (1)]
  2372 | D:4      | Slain by a ball python

Skill      XL: |  1  2  3  4  5 |
---------------+----------------+-----
Dodging        | 1 |  1.5
Armour         | 3 |  3.7
Invocations    | 3 |  3.3
Fighting       | 4 |  4.0
Maces & Flails | |  2.1

Action                   |  1- 3 |  4- 6 || total
-------------------------+-------+-------++-------
Melee: Mace              |   103 |    19 ||   122
       Spear             |       |    22 ||    22
       Trident           |       |     4 ||     4
Invok: Depart the Abyss  |     1 |       ||     1
       Bend Space        |       |     2 ||     2
 Abil: Shaft Self        |       |     1 ||     1
  Use: Scroll            |       |     8 ||     8
       Potion            |       |     1 ||     1
 Stab: Paralysed         |       |     2 ||     2
  Eat: Chunk             |     2 |     3 ||     5
Armor: Leather armour    |    38 |    12 ||    50
Dodge: Dodged            |    80 |    15 ||    95
